 Dungeon Crawl Stone Soup version 0.19.1-1-g22dce08 (webtiles) character file.

57869 theAP the Warrior (level 14, -5/138 HPs)
             Began as a Hill Orc Fighter on Jan 13, 2017.
             Was the Champion of Beogh.
             Killed from afar by a deep elf mage (14 damage)
             ... with a bolt of magma
             ... on level 1 of the Elven Halls.
             The game lasted 01:36:15 (19932 turns).

theAP the Warrior (Hill Orc Fighter)               Turns: 19932, Time: 01:36:16

Health: -5/138     AC: 20    Str: 24    XL:     14   Next: 88%
Magic:  28/28      EV: 15    Int:  8    God:    Beogh [******]
Gold:   1108       SH: 14    Dex: 12    Spells: 1 memorised, 17 levels left

rFire  + . .     SeeInvis .     T - +0 demon blade (elec)
rCold  x . .     Gourm    .     q - +7 ring mail "Kanter" {MP+9}
rNeg   . . .     Faith    .     c - +2 shield
rPois  +         Spirit   .     i - +0 hat
rElec  .         Reflect  .     y - +2 cloak
rCorr  .         Harm     .     r - +0 pair of gloves
MR     +....                    M - +0 pair of boots
Stlth  +.........               (no amulet)
                                U - ring of fire
                                o - ring of poison resistance

@: drained
A: walk on water, antennae 1, molten scales 1, agile 1, blink, deterioration 1,
wild magic 1
a: Blink, Smiting, Recall Orcish Followers, Give Item to Named Follower,
Resurrection, Renounce Religion


You were on level 1 of the Elven Halls.
You worshipped Beogh.
Beogh was exalted by your worship.
You were hungry.

You visited 4 branches of the dungeon, and saw 20 of its levels.

You collected 1780 gold pieces.
You spent 672 gold pieces at shops.

Inventory:

Hand Weapons
 A - a +4 scimitar of slicing
 L - a +0 long sword of slicing
 T - a +0 demon blade of electrocution (weapon)
Armour
 c - a +2 shield (worn)
 g - the +4 ring mail of You Go First {rF+ rN+}
   (You found it on level 4 of the Dungeon)

   It protects you from fire.
   It protects you from negative energy.
 i - a +0 hat (worn)
 q - the +7 ring mail "Kanter" (worn) {MP+9}
   (You found it on level 6 of the Dungeon)

   It affects your magic capacity (+9).
 r - a +0 pair of gloves (worn)
 y - a +2 cloak (worn)
 I - a +1 helmet
 M - a +0 pair of boots (worn)
Magical Staves
 J - an uncursed staff of death
Rods
 u - a +0 rod of ignition (10/10)
   (You found it on level 7 of the Dungeon)
Jewellery
 o - a ring of poison resistance (left hand)
 E - an uncursed ring of positive energy
 Q - an uncursed ring of positive energy
 U - a ring of fire (right hand)
 W - a -4 ring of strength
 Z - an uncursed ring of ice
Wands
 v - a wand of enslavement (7/24)
 w - a wand of slowing (16/48)
 D - a wand of confusion (9/48)
 K - a wand of paralysis (10/24)
 R - a wand of digging (3/24)
 Y - a wand of teleportation (2/9)
Scrolls
 b - 3 scrolls of identify
 d - 3 scrolls of fog
 e - 8 scrolls of remove curse
 k - a scroll of brand weapon
 p - 6 scrolls of teleportation
 z - a scroll of fear
 F - 3 scrolls of magic mapping
 G - a scroll of summoning
 N - 2 scrolls of recharging
 V - a scroll of amnesia
Potions
 a - a potion of mutation
 h - 3 potions of flight
 l - 6 potions of agility
 n - 4 potions of brilliance
 x - 2 potions of haste
 B - 2 potions of resistance
 O - 2 potions of might
 X - 2 potions of magic
Books
 s - a book of Battle

   Spells                             Type                      Level
   a - Infusion                       Charms                       1
   b - Shroud of Golubria             Charms/Translocation         2
   c - Song of Slaying                Charms                       2
   d - Spectral Weapon                Hexes/Charms                 3
   e - Regeneration                   Charms/Necromancy            3
Miscellaneous
 S - a crystal ball of energy
Comestibles
 f - 10 bread rations
 j - 9 meat rations
 m - 2 beef jerkies
 H - 7 slices of pizza


   Skills:
 * Level 16.5(16.2) Fighting
 - Level 14.7(14.5) Long Blades
 - Level 3.2(3.1) Armour
 + Level 9.8(9.6) Dodging
 + Level 10.1(9.9) Shields
 - Level 3.6(3.5) Spellcasting
 - Level 5.0(4.8) Poison Magic
 - Level 3.8(3.6) Invocations


You had 17 spell levels left.
You knew the following spells:

 Your Spells              Type           Power        Failure   Level  Hunger
a - Mephitic Cloud        Conj/Pois/Air  #.......     98%         3    ####...


Dungeon Overview and Level Annotations

Branches:
Dungeon (11/15)            Temple (0/1) D:5            Lair (6/6) D:10
  Swamp (0/4) Lair:4       Spider (0/4) Lair:4        Slime (0/5) Lair:5
    Orc (2/2) D:10            Elf (1/3) Orc:2

Altars:
Cheibriados
Gozag
Hepliaklqana
Kikubaaqudgha
Makhleb
Nemelex Xobeh
Okawaru
Qazlal
Vehumet
Yredelemnul
Zin
The Shining One
Jiyva

Shops:
D:9 %(   Orc:2 (*[[}


Innate Abilities, Weirdness & Mutations

You can walk on water.
You have a pair of small antennae on your head.
You are partially covered in molten scales. (AC +2)
You are agile. (Dex +2)
You can translocate small distances at will.
Your body sometimes deteriorates upon taking damage.
Your spells are a little harder to cast, but a little more powerful.


Message History

Your orc warrior hits the deep elf mage from afar with a trident!!
The deep elf mage dies!
Beogh accepts your kill.
The hell rat disappears in a puff of smoke!
The redback disappears in a puff of smoke!
Your orc warrior looks more experienced.
The deep elf mage gestures wildly while chanting.
The deep elf mage blinks!
Olfik hits the jumping spider with an uncursed trident!
You block the earth elemental's attack.
You slice the deep elf mage!!
The deep elf mage is heavily wounded.
The earth elemental disappears in a puff of smoke!
The jumping spider misses Olfik.
The jumping spider bites Olfik but does no damage.
The deep elf mage points at you and mumbles some strange words.
The bolt of magma hits the earth elemental.
The earth elemental partially resists.
The bolt of magma hits you! You partially resist.
You die...

........ #. #.......# ..
........ #..#.......#.##
#####..
..#.......#..#..#...+..
.....8......#..#...#oo
#...s...#..+..+...#.o
#..§ee..#.##..#...#..
#..eeEe.#.....#####..
..####@####............
#....)oooo.))##.........
#..'.)#s)#(.$('..###+#..
#..#..#..#....#..#...#..
#. #..#.)#....#..#...#..
#..+..#....#.o##'##.. #.
#..+....#......... #
#..#....#...o..oo.
#..####+#..#####o.


You could see a deep elf archer, an earth elemental, 4 deep elf magi, a jumping
spider, a redback, the friendly Learuk the orc warlord, a friendly orc knight,
the friendly Olfik the orc knight and a friendly orc warrior.

Vanquished Creatures
  Gastronok (Lair:2)
  A dire elephant (Lair:2)
  A catoblepas (Lair:4)
  3 hydras
  A centaur warrior (D:11)
  A death yak (Lair:5)
  Nergalle (Lair:1)
  2 orc high priests (Orc:2)
  A lindwurm (Lair:2)
  A hill giant (D:11)
  3 deep elf magi (Elf:1)
  An orc knight (Orc:2)
  A wolf spider (Lair:6)
  A cyclops (D:11)
  An oklob plant (Lair:4)
  6 black mambas
  5 spiny frogs
  6 komodo dragons
  5 rime drakes
  The ghost of ponk the Covert, a novice OpAs (D:5)
  2 hornets
  3 two-headed ogres
  4 dream sheep
  5 hippogriffs
  2 blink frogs
  Grinder (D:5)
  4 wyverns
  21 yaks
  Eustachio (D:6)
  A steam dragon (Lair:4)
  2 vampire mosquitoes (Lair:4)
  Menkaure (D:7)
  Edmund (D:5)
  10 water moccasins
  Duvessa (D:7)
  4 orc warriors
  8 porcupines
  An ice beast (D:8)
  A hornet zombie (D:9)
  An eye of draining (D:11)
  3 sky beasts
  4 wolves
  6 ogres
  2 phantoms
  3 centaurs
  7 crocodiles
  Blork the orc (D:5)
  2 big kobolds (D:9)
  8 bullfrogs
  2 scorpions
  Dowan (D:7)
  A water moccasin skeleton (D:9)
  3 killer bees (D:11)
  A wight (D:9)
  An electric eel (Lair:2)
  4 howler monkeys
  The ghost of TuxedoFelix the Skirmisher, a weakling VSFi (D:3)
  7 crimson imps
  3 orc priests
  4 hounds
  5 jellies
  8 orc wizards
  2 centaur skeletons (D:6)
  A gnoll shaman (D:7)
  2 bullfrog skeletons (D:5)
  2 hell rats (Lair:6)
  8 worker ants
  2 iguanas
  A hound skeleton (D:9)
  A worker ant zombie (D:5)
  14 adders
  17 gnolls
  A shadow imp (D:7)
  An adder skeleton (D:4)
  2 adder zombies
  3 worms
  A dart slug (D:2)
  8 leopard geckos
  13 orcs
  7 bats
  6 giant cockroaches
  10 goblins
  3 hobgoblins
  15 jackals
  5 quokkas
  4 frilled lizards
  A jackal skeleton (D:7)
  10 kobolds
  2 leopard gecko zombies
  2 quokka skeletons
  2 quokka zombies
  10 rats
  A crawling corpse (Elf:1)
  A plant (Lair:2)
352 creatures vanquished.

Vanquished Creatures (collateral kills)
  A deep elf annihilator (Elf:1)
  A deep elf death mage (Elf:1)
  Harold (Lair:2)
  Fannar (Lair:2)
  8 hydras
  Erica (D:10)
  3 dancing weapons (Elf:1)
  3 death yaks (Lair:5)
  The ghost of Apogee the Thaumaturge, a journeyman SpEn of Sif Muna (Lair:2)
  2 orc high priests (Orc:2)
  2 deep elf knights (Elf:1)
  An unseen horror (D:10)
  3 deep elf archers (Elf:1)
  A hill giant (D:11)
  3 orc knights (Orc:2)
  A lindwurm (Lair:5)
  2 ugly things (D:11)
  8 deep elf magi (Elf:1)
  4 orc sorcerers
  A wolf spider (D:11)
  2 manticores
  An elephant (Lair:2)
  A guardian serpent (Lair:6)
  2 black mambas (Lair:6)
  9 spiny frogs
  4 komodo dragons
  2 trolls
  5 hornets
  3 dream sheep
  4 blink frogs
  6 hippogriffs
  5 wyverns
  A redback (Lair:6)
  18 yaks
  Grum (D:11)
  A hungry ghost (D:10)
  A steam dragon (D:11)
  2 vampire mosquitoes (Lair:4)
  11 water moccasins
  2 hell hounds (D:10)
  4 porcupines
  3 orc warriors
  2 sky beasts
  4 ice beasts
  An eye of draining (D:8)
  3 ogres
  6 wolves
  6 crocodiles
  5 bullfrogs
  A wyvern zombie (D:9)
  2 big kobolds
  6 killer bees
  4 wights (D:9)
  3 crimson imps
  2 howler monkeys
  2 bullfrog zombies
  A quasit (D:11)
  7 orc wizards
  2 orc priests
  2 hell rats (Lair:6)
  9 worker ants
  A gnoll (D:9)
  7 adders
  A leopard gecko (D:10)
  4 orcs
  6 jackals
  2 kobolds (D:10)
  A bush (Lair:5)
  A crawling corpse (Elf:1)
  A fungus (Lair:2)
  6 plants
234 creatures vanquished.

Vanquished Creatures (others)
  An orc high priest (Elf:1)
  3 orc knights
  3 orc sorcerers
  A deep elf mage (Elf:1)
  8 orc warriors
  4 orc priests
  4 orc wizards
  23 orcs
  6 fungi (Lair:6)
  26 plants
  5 toadstools (Lair:2)
84 creatures vanquished.

Grand Total: 670 creatures vanquished

Notes
Turn   | Place    | Note
-------+----------+-------------------------------------------
     0 | D:1      | theAP the Hill Orc Fighter began the quest for the Orb.
     0 | D:1      | Reached XP level 1. HP: 19/19 MP: 1/1
   169 | D:1      | Reached XP level 2. HP: 27/27 MP: 2/2
   457 | D:1      | Reached skill level 4 in Fighting
   558 | D:1      | Reached XP level 3. HP: 33/33 MP: 3/3
   976 | D:2      | Reached skill level 1 in Dodging
  1131 | D:2      | Found a radiant altar of Vehumet.
  1144 | D:2      | Reached XP level 4. HP: 26/40 MP: 4/4
  2132 | D:3      | Noticed TuxedoFelix's ghost (weakling VSFi)
  2143 | D:3      | Killed TuxedoFelix's ghost
  2143 | D:3      | Reached XP level 5. HP: 35/47 MP: 5/5
  2273 | D:3      | Became a worshipper of Beogh the Brigand
  2377 | D:3      | Found a glowing golden altar of the Shining One.
  2379 | D:3      | Noticed an angel
  2397 | D:3      | Found a basalt altar of Yredelemnul.
  2522 | D:3      | Found an iron altar of Okawaru.
  3043 | D:4      | Reached skill level 5 in Long Blades
  3151 | D:4      | Reached XP level 6. HP: 37/55 MP: 6/6
  3162 | D:4      | Reached skill level 5 in Fighting
  3672 | D:4      | Found a sparkling altar of Nemelex Xobeh.
  3686 | D:4      | Got a brightly glowing ring mail
  3697 | D:4      | Identified the +4 ring mail of You Go First {rF+ rN+} (You found it on level 4 of the Dungeon)
  3960 | D:4      | Noticed a phantom
  3996 | D:4      | Killed a phantom
  4211 | D:4      | Reached XP level 7. HP: 16/61 MP: 7/7
  4636 | D:5      | Entered Level 5 of the Dungeon
  4699 | D:5      | Found a staircase to the Ecumenical Temple.
  4723 | D:5      | Reached * piety under Beogh
  4866 | D:5      | Noticed Edmund
  4893 | D:5      | Killed Edmund
  4893 | D:5      | Reached skill level 6 in Fighting
  4939 | D:5      | Found a hazy altar of Hepliaklqana.
  4983 | D:5      | Gained mutation: Your body sometimes deteriorates upon taking damage. [mutagenic meat]
  4984 | D:5      | Gained mutation: You expend magic power (3 MP) to strengthen your wands. [mutagenic meat]
  4985 | D:5      | Gained mutation: Your spells are a little harder to cast, but a little more powerful. [mutagenic meat]
  4986 | D:5      | Gained mutation: You can translocate small distances at will. [mutagenic meat]
  4999 | D:5      | Found a sparkling altar of Nemelex Xobeh.
  5000 | D:5      | Reached XP level 8. HP: 39/70 MP: 8/8
  5063 | D:5      | Noticed Blork the orc
  5074 | D:5      | Killed Blork the orc
  5469 | D:5      | Found an ancient bone altar of Kikubaaqudgha.
  5472 | D:5      | Found a stormy altar of Qazlal.
  5599 | D:5      | Noticed ponk's ghost (novice OpAs)
  5616 | D:5      | Killed ponk's ghost
  5616 | D:5      | Reached skill level 7 in Fighting
  5656 | D:5      | Noticed Grinder
  5680 | D:5      | Killed Grinder
  5820 | D:6      | Reached XP level 9. HP: 72/79 MP: 9/9
  5893 | D:6      | Noticed Eustachio
  5968 | D:6      | Killed Eustachio
  6210 | D:6      | Reached ** piety under Beogh
  6489 | D:6      | Reached skill level 8 in Fighting
  6496 | D:6      | Got a heavily runed ring mail
  6507 | D:6      | Identified the +7 ring mail "Kanter" {MP+9} (You found it on level 6 of the Dungeon)
  6778 | D:7      | Reached skill level 5 in Dodging
  6790 | D:7      | Reached skill level 10 in Long Blades
  6903 | D:7      | Noticed Menkaure
  6908 | D:7      | Killed Menkaure
  6925 | D:7      | Lost mutation: Your spells are a little harder to cast, but a little more powerful. [mutagenic meat]
  7367 | D:7      | Found a burning altar of Makhleb.
  7370 | D:7      | Found a glowing silver altar of Zin.
  7370 | D:7      | Noticed an angel
  7371 | D:7      | Noticed a balrug
  7388 | D:7      | Noticed Duvessa
  7388 | D:7      | Noticed Dowan
  7400 | D:7      | Killed Dowan
  7441 | D:7      | Killed Duvessa
  7441 | D:7      | Reached XP level 10. HP: 30/90 MP: 10/10
  7747 | D:7      | Reached skill level 9 in Fighting
  7944 | D:8      | Reached *** piety under Beogh
  8020 | D:8      | Found an opulent altar of Gozag.
  8619 | D:9      | Found Dedaat's Food Shoppe.
  8644 | D:9      | Found Penilar's Antique Weapon Emporium.
  8905 | D:9      | Noticed a three-headed hydra
  8912 | D:9      | Killed a one-headed hydra
  8912 | D:9      | Reached skill level 10 in Fighting
  9201 | D:9      | Reached **** piety under Beogh
  9212 | D:9      | Gained mutation: You are agile. (Dex +2) [mutagenic meat]
  9215 | D:9      | Gained mutation: You have a pair of small antennae on your head. [mutagenic meat]
  9478 | D:9      | Found a snail-covered altar of Cheibriados.
  9530 | D:9      | Learned a level 3 spell: Mephitic Cloud
  9581 | D:10     | Entered Level 10 of the Dungeon
  9620 | D:10     | Found a staircase to the Lair.
  9629 | D:10     | Reached skill level 1 in Poison Magic
  9632 | D:10     | Reached XP level 11. HP: 81/101 MP: 11/11
  9656 | D:10     | Killed an unseen horror
 10004 | D:10     | Noticed Erica
 10005 | D:10     | Found a staircase to the Orcish Mines.
 10017 | D:10     | Killed Erica
 10234 | D:10     | Noticed a five-headed hydra
 10425 | D:10     | Noticed a manticore
 10435 | D:10     | Killed a manticore
 10439 | D:10     | Reached ***** piety under Beogh
 10808 | D:11     | Noticed Grum
 10810 | D:11     | Noticed a green ugly thing
 10822 | D:11     | Killed a green ugly thing
 10827 | D:11     | Killed Grum
 10827 | D:11     | Reached skill level 1 in Spellcasting
 10838 | D:11     | Lost mutation: You are agile. (Dex +2) [mutagenic meat]
 10840 | D:11     | Gained mutation: Your spells are a little harder to cast, but a little more powerful. [mutagenic meat]
 10910 | D:11     | Noticed a hill giant
 10910 | D:11     | Noticed a cyclops
 10914 | D:11     | Killed a cyclops
 10914 | D:11     | Reached skill level 11 in Fighting
 10919 | D:11     | Killed a hill giant
 11001 | D:11     | Noticed a hill giant
 11008 | D:11     | Killed a hill giant
 11012 | D:11     | Noticed a wolf spider
 11017 | D:11     | Killed a wolf spider
 11026 | D:11     | Noticed a centaur warrior
 11031 | D:11     | Noticed a brown ugly thing
 11037 | D:11     | Killed a centaur warrior
 11041 | D:11     | Gained Learuk as an ally
 11041 | D:11     | Killed a brown ugly thing
 11050 | D:11     | Noticed a manticore
 11055 | D:11     | Killed a manticore
 11322 | D:11     | Noticed a four-headed hydra
 11331 | D:11     | Killed a ten-headed hydra
 11334 | D:11     | Reached XP level 12. HP: 21/110 MP: 15/15
 11757 | Lair:1   | Entered Level 1 of the Lair of Beasts
 11785 | Lair:1   | Noticed Nergalle
 11787 | Lair:1   | Killed Nergalle
 11937 | D:10     | Killed a nine-headed hydra
 12399 | D:11     | Reached skill level 12 in Fighting
 12516 | D:9      | Bought a runed demon blade for 672 gold pieces
 13261 | Lair:2   | Noticed Apogee's ghost (journeyman SpEn)
 13268 | Lair:2   | Killed Apogee's ghost
 13423 | Lair:2   | Killed a six-headed hydra
 13483 | Lair:2   | Noticed Fannar
 13486 | Lair:2   | Noticed Harold
 13494 | Lair:2   | Killed Fannar
 13504 | Lair:2   | Killed Harold
 13801 | Lair:2   | Reached skill level 5 in Shields
 14022 | Lair:2   | Noticed Gastronok
 14035 | Lair:2   | Killed Gastronok
 14068 | Lair:2   | Found a runed door.
 14140 | Lair:2   | Noticed a dire elephant
 14150 | Lair:2   | Killed a dire elephant
 14150 | Lair:2   | Reached skill level 5 in Poison Magic
 14150 | Lair:2   | Reached XP level 13. HP: 84/119 MP: 18/18
 14449 | Lair:3   | Reached skill level 1 in Invocations
 14592 | Lair:3   | Reached skill level 13 in Fighting
 15060 | Lair:4   | Found a hole to the Spider Nest.
 15271 | Lair:4   | Found a staircase to the Swamp.
 15508 | Lair:4   | Identified a +0 rod of ignition (10/10) (You found it on level 7 of the Dungeon)
 15937 | Lair:5   | Reached ****** piety under Beogh
 16040 | Lair:5   | Gained Orik as an ally
 16175 | Lair:5   | Gained Olfik as an ally
 16339 | Lair:5   | Found a staircase to the Slime Pits.
 16348 | Lair:5   | Found a viscous altar of Jiyva.
 16531 | Lair:5   | Reached skill level 14 in Fighting
 17033 | Lair:6   | Entered Level 6 of the Lair of Beasts
 17116 | Lair:6   | Paralysed by a hornet for 3 turns
 17452 | Lair:6   | Reached XP level 14. HP: 124/133 MP: 19/19
 17644 | Lair:6   | Found a snail-covered altar of Cheibriados.
 17782 | Lair:6   | Reached skill level 15 in Fighting
 17919 | Lair:6   | Gained mutation: You are partially covered in molten scales. (AC +2) [mutagenic meat]
 17920 | Lair:6   | Gained mutation: You are agile. (Dex +2) [mutagenic meat]
 17921 | Lair:6   | Lost mutation: You expend magic power (3 MP) to strengthen your wands. [mutagenic meat]
 18618 | Orc:1    | Entered Level 1 of the Orcish Mines
 18816 | Orc:2    | Entered Level 2 of the Orcish Mines
 19073 | Orc:2    | Found a staircase to the Elven Halls.
 19169 | Orc:2    | Found Qaac's Gadget Shoppe.
 19204 | Orc:2    | Found Wuatuokh's Antique Armour Shoppe.
 19239 | Orc:2    | Found Xurutyg's General Store.
 19245 | Orc:2    | Your ally Orik died
 19269 | Orc:2    | Found Zaemoc's Antique Weapon Boutique.
 19273 | Orc:2    | Found Eneamoha's Armour Shoppe.
 19621 | Elf:1    | Entered Level 1 of the Elven Halls
 19640 | Elf:1    | Gained Bogwald as an ally
 19640 | Elf:1    | Reached skill level 16 in Fighting
 19893 | Elf:1    | Noticed a deep elf annihilator
 19894 | Elf:1    | Your ally Bogwald died
 19913 | Elf:1    | Your ally Orik died
 19916 | Elf:1    | Reached skill level 10 in Shields
 19918 | Elf:1    | Gained Bogwald as an ally
 19928 | Elf:1    | Killed a deep elf annihilator
 19929 | Elf:1    | Your ally Bogwald died
 19932 | Elf:1    | Killed from afar by a deep elf mage

Skill      XL: |  1  2  3  4  5  6  7  8  9 10 11 12 13 14 |
---------------+-------------------------------------------+-----
Fighting       | 4 5 6 7 8 10 11 12 14 16 | 16.5
Long Blades    | 3 4 5 6 7 9 10 12 14 | 14.7
Dodging        | 1 2 3 4 5 6 7 8 9 |  9.8
Poison Magic   | 1 3 5 |  5.0
Spellcasting   | 2 3 |  3.6
Shields        | 5 8 10 | 10.1
Invocations    | 3 |  3.8
Armour         | |  3.2

Action                   |  1- 3 |  4- 6 |  7- 9 | 10-12 | 13-15 || total
-------------------------+-------+-------+-------+-------+-------++-------
Melee: Long sword        |   144 |   242 |   500 |    72 |       ||   958
       Falchion          |       |       |       |   126 |       ||   126
       Scimitar          |       |       |       |   202 |       ||   202
       Demon blade       |       |       |       |    96 |   463 ||   559
Invok: Convert to Beogh  |       |     1 |       |       |       ||     1
       Recall Orcish Fol |       |       |       |     4 |     3 ||     7
       Give Item to Name |       |       |       |     1 |     1 ||     2
       Smiting           |       |       |       |     1 |       ||     1
       Resurrection      |       |       |       |       |     1 ||     1
Evoke: Wand              |       |       |       |     3 |     2 ||     5
  Use: Scroll            |     3 |    10 |     6 |     8 |     9 ||    36
       Potion            |       |     2 |     4 |     3 |     3 ||    12
 Stab: Distracted        |       |       |       |     3 |     1 ||     4
       Paralysed         |       |       |       |       |     6 ||     6
       Confused          |       |       |       |       |     1 ||     1
  Eat: Chunk             |     1 |     6 |    16 |    22 |    13 ||    58
       Fruit             |       |     3 |     1 |    11 |     7 ||    22
       Pizza             |       |       |     1 |       |       ||     1
       Royal jelly       |       |       |       |     1 |       ||     1
       Beef jerky        |       |       |       |       |     1 ||     1
Armor: Scale mail        |    65 |    65 |       |       |       ||   130
       Ring mail         |       |    12 |   206 |   169 |   156 ||   543
       Skin              |       |       |    11 |       |       ||    11
Dodge: Dodged            |    52 |    84 |   194 |   164 |   201 ||   695
Block: Shield            |    94 |   131 |   255 |   222 |   218 ||   920
       Rpst.: Long sword |    15 |    33 |    44 |     4 |       ||    96
       Falchion          |       |       |       |    15 |       ||    15
       Scimitar          |       |       |       |    22 |       ||    22
       Demon blade       |       |       |       |     5 |    49 ||    54
